 Dungeon Crawl Stone Soup version 0.26-a0-665-gefeb406119 (webtiles) character file.

Game seed: 14323506645956383732

3213 mandarbmax the Fighter (level 9, -18/120 HPs)
             Began as an Ogre Transmuter on Oct 15, 2020.
             Was a Follower of Qazlal.
             Demolished by Gastronok (29 damage)
             ... on level 8 of the Dungeon.
             The game lasted 00:18:46 (7328 turns).

mandarbmax the Fighter (Ogre Transmuter)            Turns: 7328, Time: 00:18:47

Health: -18/120    AC:  7    Str: 17    XL:     9   Next: 97%
Magic:  8/13       EV: 12    Int: 20    God:    Qazlal [*.....]
Gold:   416        SH:  6    Dex:  8    Spells: 4/14 levels left

rFire    x . .     SeeInvis .     - Unarmed
rCold    + + +     Faith    .   (shield currently unavailable)
rNeg     + . .     Spirit   .   (armour currently unavailable)
rPois    +         Reflect  +   (helmet currently unavailable)
rElec    .         Harm     .   (cloak currently unavailable)
rCorr    +         Rampage  .   (gloves unavailable)
MR       .....                  (boots unavailable)
Stlth    ++........             x - amulet of reflection
HPRegen  0.30/turn              u - ring of Gubooseg {rN+ Int+3 Dex-3 Slay+4 Stlth+}
MPRegen  0.13/turn              s - ring of the Octopus King {rCorr AC+1 EV+1 Str+1 Int+1 Dex+1}

@: about to teleport, ice-form, wereblooded
A: large, unfitting armour
a: End Transformation, Renounce Religion


You were on level 8 of the Dungeon.
You worshipped Qazlal.
Qazlal was aware of your devotion.
You were a creature of crystalline ice.
You visited 2 branches of the dungeon, and saw 9 of its levels.

You collected 416 gold pieces.

Inventory:

Missiles
 f - 3 boomerangs
 q - 2 throwing nets (quivered)
Armour
 n - a +1 cloak of magic resistance (melded)
 r - a +1 robe of cold resistance (melded)
Jewellery
 e - an uncursed amulet of regeneration
 s - a ring of the Octopus King (right front paw) {rCorr AC+1 EV+1 Str+1 Int+1 Dex+1}
   (You found it on level 4 of the Dungeon)

   [ring of resist corrosion]

   It affects your AC (+1).
   It affects your evasion (+1).
   It affects your strength (+1).
   It affects your intelligence (+1).
   It affects your dexterity (+1).
   It provides partial protection from all sources of acid and corrosion.
 u - the ring of Gubooseg (left front paw) {rN+ Int+3 Dex-3 Slay+4 Stlth+}
   (You found it on level 4 of the Dungeon)

   [ring of slaying]

   It affects your intelligence (+3).
   It affects your dexterity (-3).
   It affects your accuracy and damage with ranged weapons and melee attacks
   (+4).
   It protects you from negative energy.
   It makes you more stealthy.
 x - an amulet of reflection (around neck)
Wands
 o - a wand of random effects (31)
 t - a wand of flame (14)
Scrolls
 a - 5 scrolls of remove curse
 h - 3 scrolls of teleportation
 l - 4 scrolls of amnesia
 p - 2 scrolls of enchant weapon
 v - 2 scrolls of fear
Potions
 b - a potion of haste
 c - 2 potions of mutation
 d - 2 potions of curing
 g - 3 potions of magic
 i - a potion of brilliance
 j - 2 potions of lignification {unknown}
 k - 3 potions of flight {unknown}
 m - 2 potions of might
 w - a potion of heal wounds {unknown}
 z - a potion of ambrosia {unknown}
 A - a potion of invisibility {unknown}


   Skills:
 + Level 9.4 Fighting
 + Level 3.8 Dodging
 * Level 8.4 Unarmed Combat
 - Level 3.0 Spellcasting
 - Level 5.2 Transmutations
 + Level 3.0 Ice Magic


You had 4 spell levels left.
You knew the following spells:

 Your Spells              Type           Power        Failure   Level
a - Beastly Appendage     Tmut           ###...       1%          1
b - Wereblood             Tmut           ###.....     2%          2
c - Spider Form           Tmut/Pois      ##........   14%         3
d - Ice Form              Ice/Tmut       ###.....     26%         4

Your spell library contained the following spells:

 Spells                   Type           Power        Failure   Level
 Shock                    Conj/Air       #...         14%         1
 Swiftness                Air            #.......     22%         2
 Static Discharge         Conj/Air       #.......     38%         3
 Airstrike                Air            #.........   80%         4
 Blade Hands              Tmut           ###.......   41%         5
 Lightning Bolt           Conj/Air       #.........   98%         5


Dungeon Overview and Level Annotations

Branches:
Dungeon (8/15)             Temple (1/1) D:5
   Lair: D:8-11

Altars:
Ashenzari
Cheibriados
Dithmenos
Elyvilon
Fedhas
Gozag
Hepliaklqana
Kikubaaqudgha
Makhleb
Nemelex Xobeh
Okawaru
Qazlal
Ru
Sif Muna
Trog
Vehumet
Wu Jian
Xom
Yredelemnul
Zin
The Shining One

Annotations:
D:4 3 runed translucent doors, pigah's ghost, amateur DrWn
D:8 Gastronok


Innate Abilities, Weirdness & Mutations

You are too large for most types of armour.
((You have tough skin. (AC +1)))


Message History

Unknown command.
Okay, then.
Evoke which item? (* to show all) (? for menu, Esc to quit)
Okay, then.
You feel better. The killer bee stings you.
* * * LOW HITPOINT WARNING * * *
The killer bee misses you. You block the killer bee's attack.
The killer bee stings you but does no damage.
The killer bee closely misses you.
The killer bee stings you but does no damage.
The killer bee closely misses you. You block the killer bee's attack.
You punch Gastronok! You freeze Gastronok.
Gastronok is almost dead.
The killer bee closely misses you. The killer bee stings you!
* * * LOW HITPOINT WARNING * * *
The killer bee barely misses you.
The killer bee stings you but does no damage. x2
The killer bee closely misses you. You block the killer bee's attack.
Gastronok bites you!!
You die...

#.## #..# #..#
#..## #.†.#
##.#.# #..Z.## #
#.(...#wy.##.#..#
##....#Yy.[....#
#....#yy.##.###
##...##...# ..
#...#..>.# #.#
#.###.#.## #
..#.. ######. ..
#.


You could see Gastronok, 4 killer bees and a bullfrog skeleton.

Vanquished Creatures
  Harold (D:8)
  A water moccasin (D:8)
  An orc warrior (D:6)
  2 black bears
  2 ice beasts
  2 sky beasts
  2 ogres
  A phantom (D:4)
  2 centaurs
  A bullfrog (D:6)
  5 killer bees (D:8)
  3 hounds
  3 orc priests
  Crazy Yiuf (D:2)
  A bullfrog skeleton (D:5)
  6 orc wizards
  Ijyb (D:3)
  Jessica (D:3)
  2 iguanas
  Natasha (thrice) (D:2)
  6 worker ants
  A hound zombie (D:6)
  2 howler monkey skeletons
  9 gnolls
  4 adders
  4 shadow imps
  3 white imps (D:5)
  2 ufetubi (D:6)
  An adder zombie (D:3)
  3 worms
  4 dart slugs
  5 leopard geckos
  15 orcs
  4 giant cockroaches
  8 goblins
  8 hobgoblins
  7 jackals (D:2)
  4 ball pythons
  9 bats
  5 frilled lizards
  7 kobolds
  A leopard gecko skeleton (D:4)
  8 rats
161 creatures vanquished.

Vanquished Creatures (others)
  A fungus (D:2)
1 creature vanquished.

Grand Total: 162 creatures vanquished

Notes
Turn   | Place    | Note
-------+----------+-------------------------------------------
     0 | D:1      | mandarbmax the Ogre Transmuter began the quest for the Orb.
     0 | D:1      | Reached XP level 1. HP: 19/19 MP: 3/3
   404 | D:1      | Reached XP level 2. HP: 28/28 MP: 3/5
   461 | D:1      | Learned a level 2 spell: Wereblood
   821 | D:1      | Reached skill level 2 in Fighting
  1039 | D:2      | Found a runed translucent door.
  1040 | D:2      | Noticed Crazy Yiuf
  1117 | D:2      | Reached XP level 3. HP: 31/35 MP: 0/7
  1122 | D:2      | Learned a level 3 spell: Spider Form
  1491 | D:2      | Reached XP level 4. HP: 18/42 MP: 6/8
  1598 | D:2      | Noticed Natasha
  1605 | D:2      | Killed Natasha
  1633 | D:2      | Noticed Natasha
  1641 | D:2      | Killed Natasha
  1707 | D:2      | Reached XP level 5. HP: 49/49 MP: 1/9
  1989 | D:2      | Noticed Natasha
  1994 | D:2      | Killed Natasha
  2079 | D:2      | Killed Crazy Yiuf
  2161 | D:3      | Noticed Ijyb
  2173 | D:3      | Killed Ijyb
  2429 | D:3      | Noticed Jessica
  2432 | D:3      | Killed Jessica
  2432 | D:3      | Reached XP level 6. HP: 57/57 MP: 6/10
  2770 | D:3      | Found a shimmering blue altar of Sif Muna.
  2959 | D:3      | Reached skill level 5 in Transmutations
  3489 | D:4      | Reached XP level 7. HP: 37/66 MP: 2/11
  3657 | D:4      | Reached skill level 3 in Fighting
  3788 | D:4      | Found the ring of the Octopus King
  3794 | D:4      | Got a ring of the Octopus King
  3795 | D:4      | Identified a ring of the Octopus King {rCorr AC+1 EV+1
                  | Str+1 Int+1 Dex+1} (You found it on level 4 of the Dungeon)
  3919 | D:4      | Reached skill level 4 in Fighting
  4218 | D:4      | Found a runed translucent gate.
  4218 | D:4      | Found a runed translucent gate.
  4218 | D:4      | Found a runed translucent gate.
  4228 | D:4      | Reached skill level 5 in Unarmed Combat
  4230 | D:4      | Noticed pigah's ghost (amateur DrWn)
  4353 | D:4      | Got a shimmering granite ring
  4574 | D:5      | Entered Level 5 of the Dungeon
  4583 | D:5      | Reached skill level 5 in Fighting
  4738 | D:5      | Found a staircase to the Ecumenical Temple.
  4743 | D:5      | Reached XP level 8. HP: 54/80 MP: 8/12
  4750 | Temple   | Entered the Ecumenical Temple
  4915 | Temple   | Became a worshipper of Qazlal Stormbringer
  4993 | D:5      | Identified the ring of Gubooseg {rN+ Int+3 Dex-3 Slay+4
                  | Stlth+} (You found it on level 4 of the Dungeon)
  5157 | D:5      | Found a shimmering altar of Xom.
  5158 | D:5      | Found a bloodstained altar of Trog.
  5227 | D:5      | Reached skill level 6 in Fighting
  5491 | D:6      | Reached skill level 7 in Fighting
  5903 | D:6      | Learned a level 4 spell: Ice Form
  6040 | D:6      | Reached skill level 8 in Fighting
  6424 | D:7      | Reached XP level 9. HP: 96/96 MP: 4/13
  6522 | D:7      | Reached skill level 1 in Ice Magic
  6530 | D:7      | Reached * piety under Qazlal
  6689 | D:7      | Found a basalt altar of Yredelemnul.
  7179 | D:8      | Noticed Harold
  7186 | D:8      | Noticed Gastronok
  7188 | D:8      | Killed Harold
  7188 | D:8      | Reached skill level 9 in Fighting
  7328 | D:8      | Demolished by Gastronok

Illustrated notes

Levels and vault maps discovered:
D:1:      wander_arrival_estate, layout_basic
D:2:      layout_rooms, minmay_misc_feat_tower, cheibrodos_gnoll_hut,
          uniq_natasha, uniq_crazy_yiuf_cottage
D:3:      layout_loops_ring, led_sif_book, st_stairs_14, skrybe_limestone_x,
          uniq_jessica, uniq_ijyb
D:4:      layout_loops_ring, gammafunk_ghost_necromancy
D:5:      layout_basic, gammafunk_temple_overflow_statue,
          minmay_temple_entry_waves, dk_vineyard_3, minmay_misc_feat_five
D:6:      layout_basic
D:7:      layout_cave_pools, nicolae_overflow_hidden_temple, st_stairs_1,
          abandoned_shop, amethyst_killhole
D:8:      layout_basic, eat_drink_and_be_merry_uskayaw, serial_shops,
          kennysheep_little_box, minmay_misc_feat_x, lightli_minifort,
          uniq_harold, uniq_gastronok, uniq_psyche
Temple:   minmay_crystal_spiral_temple

Skill      XL: |  1  2  3  4  5  6  7  8  9 |
---------------+----------------------------+-----
Dodging        | 2 3 |  3.8
Transmutations | 2 4 5 |  5.2
Fighting       | 2 5 8 9 |  9.4
Unarmed Combat | 3 4 5 7 8 |  8.4
Spellcasting   | 3 |  3.0
Ice Magic      | 3 |  3.0

Action                   |  1- 3 |  4- 6 |  7- 9 || total
-------------------------+-------+-------+-------++-------
Melee: Unarmed           |   128 |   138 |   234 ||   500
       Headbutt          |     9 |     2 |       ||    11
       Kick              |    14 |     3 |       ||    17
       Punch             |     1 |       |       ||     1
 Cast: Beastly Appendage |    21 |     4 |       ||    25
       Wereblood         |     2 |     7 |    11 ||    20
       Spider Form       |     1 |    25 |    29 ||    55
       Ice Form          |       |       |     7 ||     7
Evoke: Wand              |       |     7 |     1 ||     8
  Use: Scroll            |       |     4 |    11 ||    15
       Potion            |       |     1 |     1 ||     2
 Stab: Sleeping          |       |     1 |     1 ||     2
Armor: Robe              |    30 |     7 |    10 ||    47
       Skin              |       |    10 |    39 ||    49
Dodge: Dodged            |    67 |    94 |   212 ||   373
Block: Other             |       |       |    21 ||    21

Table legend: (Time is in decaauts)
 A = Elapsed time spent in this place.
 B = Non-inter-level travel time spent in this place.
 C = Inter-level travel time spent in this place.
 D = Time resting spent in this place.
 E = Time spent auto-exploring this place.
 F = Levels seen in this place.
 G = Mean time per level.
                   A        B        C        D        E       F      G
               +--------+--------+--------+--------+--------+-----+--------+
         Total |   7290 |   7030 |    260 |   1266 |   4535 |   9 |  810.0 |
       Dungeon |   7082 |   6904 |    178 |   1266 |   4418 |   8 |  885.2 |
        Temple |    207 |    125 |     82 |      0 |    117 |   1 |  207.0 |
               +--------+--------+--------+--------+--------+-----+--------+

Top non-repeatable levels by time:
     D:3: 1321 daAuts
     D:2: 1137 daAuts
     D:4: 1095 daAuts
     D:1: 1000 daAuts
     D:7: 823 daAuts
     D:6: 792 daAuts
     D:5: 747 daAuts
  Temple: 207 daAuts
     D:8: 164 daAuts
